 Dungeon Crawl Stone Soup version 0.31.0-12-g77e489cdc1 (webtiles) character file.

Game seed: 4587587047183476317

28 arvianne the Sneak (level 3, -2/22 HPs)
             Began as a Kobold Brigand on Feb 27, 2024.
             Killed from afar by Natasha (9 damage)
             ... with a magic dart
             ... on level 2 of the Dungeon.
             The game lasted 00:18:50 (2547 turns).

arvianne the Sneak (Kobold Brigand)                 Turns: 2547, Time: 00:18:51

Health: -2/22      AC:  7    Str:  8    XL:     3   Next: 30%
Magic:  3/3        EV: 12    Int: 12    God:
Gold:   105        SH:  0    Dex: 18    Spells: 2/2 levels left

rFire   . . .        a - +2 dagger
rCold   . . .        (no shield)
rNeg    . . .        f - +0 ring mail
rPois   .            (no helmet)
rElec   .            c - +0 cloak
rCorr   .            (no gloves)
SInv    .            g - +0 pair of boots
Will    .....        (no amulet)
Stlth   ++++         (no ring)
HPRegen 0.23/turn    (no ring)
MPRegen 0.08/turn

%: no passive effects
@: no status effects
A: small, no large weapons, nightstalker 3
a: no special abilities


You were on level 2 of the Dungeon.
You visited 1 branch of the dungeon, and saw 3 of its levels.

You collected 105 gold pieces.

Inventory:

Hand Weapons
 a - a +2 dagger (weapon)
 i - a +0 spear
 k - a +0 dagger
 o - a +0 club
 p - a +0 club
 s - a +0 whip
 x - a +0 club
 z - a +0 dagger
 B - a +0 dagger
 C - a +0 dagger
Missiles
 d - 15 poisoned darts (quivered)
 e - 3 curare-tipped darts
 v - 8 stones
Armour
 b - a +0 robe
 c - a +0 cloak (worn)
 f - a +0 ring mail (worn)
 g - a +0 pair of boots (worn)
 l - a +0 cloak
 n - a +0 leather armour
 r - a +0 helmet
 t - a +0 ring mail
 w - a +0 ring mail
 A - the +0 chain mail of Simafuf {Slay+2}
   (You found it on level 2 of the Dungeon)

   Slay+2:    It affects your accuracy & damage with ranged weapons and melee
   (+2).
Scrolls
 h - 2 scrolls of teleportation {unknown}
 q - 2 scrolls of fear {unknown}
 u - 2 scrolls of immolation {unknown}
 y - 2 scrolls of identify {unknown}
Potions
 j - a potion of cancellation {unknown}
 m - a potion of curing {unknown}
 D - a potion of attraction {unknown}


   Skills:
 + Level 2.4 Fighting
 + Level 2.8 Short Blades
 + Level 2.4 Throwing
 + Level 0.4 Armour
 + Level 1.5 Dodging
 + Level 6.1 Stealth


You had 2 spell levels left.
You didn't know any spells.
Your spell library contained the following spells:

 Spells                   Type           Power      Damage    Failure   Level
 Freeze                   Ice            0%         1d3       71%         1
 Cigotuvi's Dreadful Rot  Necr/Alch/Air  0%         N/A       83%         2
 Frozen Ramparts          Ice            0%         1d1       97%         3
 Hailstorm                Conj/Ice       0%         3d5       97%         3
 Dispel Undead            Necr           0%         3d6       100%        4
 Martyr's Knell           Necr/Summ      0%         N/A       100%        4
 Death Channel            Necr           0%         N/A       100%        6


Dungeon Overview and Level Annotations

Branches:
Dungeon (3/15)

Altars:
Ashenzari

Annotations:
D:2 Natasha


Innate Abilities, Weirdness & Mutations

You are small and have problems with some larger weapons.
You are completely attuned to the shadows.


Message History

You hit Natasha.
Natasha is moderately wounded.
Natasha casts a spell at you. The magic dart hits you.
You see here a bat corpse.
Natasha attacks as she pursues you! Natasha completely misses you.
You are too injured to fight recklessly!
Natasha casts a spell at you. The magic dart hits you.
Natasha attacks as she pursues you! Natasha barely misses you.
Natasha attacks as she pursues you! Natasha claws you!
* * * LOW HITPOINT WARNING * * *
There is a stone staircase leading up here.
Natasha casts a spell at you.
The magic dart hits you but does no damage.
You climb upwards.
There is a stone staircase leading down here.
Natasha completely misses you. Natasha attacks as she pursues you!
Natasha closely misses you.
Natasha growls.
Natasha stares at you and mumbles some strange words.
The magic dart hits you but does no damage.
Natasha casts a spell at you. The magic dart hits you.
* * * LOW HITPOINT WARNING * * *
Natasha attacks as she pursues you! Natasha closely misses you.
Natasha attacks as she pursues you! Natasha misses you.
Natasha barely misses you.
Natasha casts a spell.
The cerulean imp misses you.
Natasha mumbles some strange words.
Natasha mumbles some strange words.
Natasha's front paws start to glow.
Natasha casts a spell at you. You resist with significant effort.
Natasha casts a spell.
Natasha stares at you and mumbles some strange words.
The magic dart hits you!
You die...
Natasha curls up and begins to purr.

###.....#######......>........##.
####........##.............##..
#...##...###.....#..h..###..
##.............####..### #..
#..#555.##..#######.#####..
#...##h#................... ##
#.#.#....##########.####...
.######.#.#>#..##................
................@.#######..####..
..#####.#..###..### ##.###..>
.........5....#.####### ##.....##
######..#.............###......#
##.##.#######.........####.##
#..##.# #.###..#.....#..# #.###.#
#.##.....###..#.. ##.# #.#
#.##.###.......#. ####..###.#
#....# #####.....


You could see Natasha.

Vanquished Creatures
  A dart slug (D:2)
  An endoplasm (D:2)
  A giant cockroach (D:2)
  A hobgoblin (D:1)
  2 jackals (D:1)
  2 kobolds (D:2)
  3 quokkas (D:1)
  2 ball pythons
  2 bats
  4 frilled lizards
  4 goblins
  4 rats
27 creatures vanquished.

Notes
Turn   | Place    | Note
-------+----------+-------------------------------------------
     0 | D:1      | arvianne the Kobold Brigand began the quest for the Orb.
     0 | D:1      | Reached XP level 1. HP: 12/12 MP: 1/1
   949 | D:1      | Reached XP level 2. HP: 17/17 MP: 2/2
  1826 | D:2      | Reached skill level 6 in Stealth
  1826 | D:2      | Reached XP level 3. HP: 22/22 MP: 3/3
  2073 | D:2      | Identified the +0 chain mail of Simafuf {Slay+2}
  2204 | D:2      | Found a broken altar of Ashenzari.
  2492 | D:3      | Noticed Natasha
  2510 | D:3      | HP: 1/22 [Natasha (7)]
  2547 | D:2      | Killed from afar by Natasha

Illustrated notes

Levels and vault maps discovered:
D:1:      spicycebolla_arrival_ecumenical, layout_loops_ring,
          minmay_misc_feat_tiny
D:2:      layout_rooms, basic_altar
D:3:      layout_basic, uniq_natasha

Skill      XL: |  1  2 |
---------------+-------+-----
Stealth        | 6 |  6.1
Fighting       | |  2.4
Short Blades   | |  2.8
Throwing       | |  2.4
Armour         | |  0.4
Dodging        | |  1.5

Action                     || total
---------------------------++-------
  Melee: Dagger            ||    51
  Throw: Dart              ||     2
   Stab: Sleeping          ||    15
 Armour: Ring mail         ||    18
  Dodge: Dodged            ||    28
